| TOP OF THE 1ST |
|
Los Angeles Dodgers batting - Pitching for Arizona Diamondbacks : LHP Murphy Quirk
|
|
Pitching: LHP Murphy Quirk
|
|
|
Batting: RHB Tim Nettles
|
0-0: Ground out 5-3 (Groundball, 5L, EV 85.0 MPH)
|
|
Batting: SHB Shane Marcum
|
0-0: Called Strike 0-1: Ball 1-1: Called Strike 1-2: Strikes out swinging
|
|
Batting: LHB Lirak Bazhunaishvili
|
0-0: Fly out, F7 (Line Drive, 7D, EV 88.8 MPH)
|
| Top of the 1st over - 0 runs, 0 hits, 0 errors, 0 left on base; Los Angeles 0 - Arizona 0 |
| BOTTOM OF THE 1ST |
|
Arizona Diamondbacks batting - Pitching for Los Angeles Dodgers : LHP Gavin White
|
|
Pitching: LHP Gavin White
|
|
|
Batting: SHB Alec Thorpe
|
0-0: Ball 1-0: Called Strike 1-1: Fly out, F9 (Flyball, 89M, EV 86.9 MPH)
|
|
Batting: RHB Katilimomi Kelekolio
|
0-0: Bunted foul 0-1: Ball 1-1: Called Strike 1-2: Ball 2-2: Foul Ball, location: 2F 2-2: Hit by Pitch
|
|
Batting: RHB Andy Swaim
|
0-0: Ball 1-0: Ball 2-0: Foul Ball, location: 2F 2-1: Ball 3-1: Called Strike 3-2: Base on Balls Katilimomi Kelekolio to second
|
|
Batting: SHB Perry Tuckfard
|
0-0: Ball 1-0: 3-RUN HOME RUN (Line Drive, 7D, EV 96.2 MPH), Distance : 376 ft
|
|
Batting: RHB David Casas
|
0-0: Ball 1-0: Fly out, F9 (Flyball, 89S, EV 90.6 MPH)
|
|
Batting: RHB Jim Zucco
|
0-0: Ball 1-0: Called Strike 1-1: SINGLE (Line Drive, 34D, EV 105.0 MPH)
|
|
Batting: LHB Joel Kunkler
|
0-0: Ball 1-0: Swinging Strike 1-1: Swinging Strike 1-2: Ball 2-2: Ball 3-2: Strikes out looking
|
| Bottom of the 1st over - 3 runs, 2 hits, 0 errors, 1 left on base; Los Angeles 0 - Arizona 3 |
| TOP OF THE 2ND |
|
Los Angeles Dodgers batting - Pitching for Arizona Diamondbacks : LHP Murphy Quirk
|
|
Batting: RHB Danny Dyer
|
0-0: Ball 1-0: Foul Ball, location: 2F 1-1: Ball 2-1: Foul Ball, location: 2F 2-2: Foul Ball, location: 2F 2-2: Strikes out swinging
|
|
Batting: RHB Tsutomu Irie
|
0-0: Ball 1-0: Ball 2-0: Ball 3-0: Called Strike 3-1: Base on Balls
|
|
Batting: RHB John Piccolo
|
0-0: Called Strike 0-1: Foul Ball, location: 2F 0-2: Ball 1-2: Ball 2-2: Grounds into double play, 6-4-3 (Groundball, 6, EV 91.9 MPH)
|
| Top of the 2nd over - 0 runs, 0 hits, 0 errors, 0 left on base; Los Angeles 0 - Arizona 3 |
| BOTTOM OF THE 2ND |
|
Arizona Diamondbacks batting - Pitching for Los Angeles Dodgers : LHP Gavin White
|
|
Batting: RHB Bob Najar
|
0-0: Ball 1-0: Called Strike 1-1: Ball 2-1: Foul Ball, location: 2F 2-2: Ball 3-2: Strikes out looking
|
|
Batting: LHB Roy Steigerwald
|
0-0: Swinging Strike 0-1: Called Strike 0-2: Foul Ball, location: 2F 0-2: Foul Ball, location: 2F 0-2: Ball 1-2: Ball 2-2: Foul Ball, location: 2F 2-2: Ground out 6-3 (Groundball, 6S, EV 80.6 MPH)
|
|
Batting: SHB Alec Thorpe
|
0-0: Ball 1-0: Swinging Strike 1-1: Called Strike 1-2: Strikes out swinging
|
| Bottom of the 2nd over - 0 runs, 0 hits, 0 errors, 0 left on base; Los Angeles 0 - Arizona 3 |
| TOP OF THE 3RD |
|
Los Angeles Dodgers batting - Pitching for Arizona Diamondbacks : LHP Murphy Quirk
|
|
Batting: SHB Benjamin Brown
|
0-0: Swinging Strike 0-1: Foul Ball, location: 2F 0-2: Strikes out swinging
|
|
Batting: RHB Wing-kit Bu
|
0-0: DOUBLE (Groundball, 5L, EV 110.0 MPH)
|
|
Batting: RHB Rodolfo Rivera
|
0-0: Ball 1-0: Ground out 6-3 (Groundball, 6, EV 100.0 MPH)
|
|
Batting: RHB Tim Nettles
|
0-0: Foul Ball, location: 2F 0-1: Called Strike 0-2: Ball 1-2: Ground out 4-3 (Groundball, 4M, EV 102.5 MPH)
|
| Top of the 3rd over - 0 runs, 1 hit, 0 errors, 1 left on base; Los Angeles 0 - Arizona 3 |
| BOTTOM OF THE 3RD |
|
Arizona Diamondbacks batting - Pitching for Los Angeles Dodgers : LHP Gavin White
|
|
Batting: RHB Katilimomi Kelekolio
|
0-0: Ground out 5-3 (Groundball, 56, EV 98.8 MPH)
|
|
Batting: RHB Andy Swaim
|
0-0: Called Strike 0-1: Ball 1-1: Ball 2-1: Foul Ball, location: 2F 2-2: Ball 3-2: Base on Balls
|
|
Batting: SHB Perry Tuckfard
|
0-0: Ball 1-0: Ball 2-0: Grounds into double play, 6-4-3 (Groundball, 6, EV 101.9 MPH)
|
| Bottom of the 3rd over - 0 runs, 0 hits, 0 errors, 0 left on base; Los Angeles 0 - Arizona 3 |
| TOP OF THE 4TH |
|
Los Angeles Dodgers batting - Pitching for Arizona Diamondbacks : LHP Murphy Quirk
|
|
Batting: SHB Shane Marcum
|
0-0: Called Strike 0-1: Foul Ball, location: 2F 0-2: Ball 1-2: Reached on error, E5 (Groundball, 56, EV 88.8 MPH)
|
|
Batting: LHB Lirak Bazhunaishvili
|
0-0: Called Strike 0-1: Ground out 6-3 (Groundball, 6MS, EV 66.9 MPH) Shane Marcum to second
|
|
Batting: RHB Danny Dyer
|
0-0: Ball 1-0: Ball 2-0: 2-RUN HOME RUN (Flyball, 9D, EV 97.5 MPH), Distance : 375 ft
|
|
Batting: RHB Tsutomu Irie
|
0-0: Ground out 5-3 (Groundball, 5D, EV 109.4 MPH)
|
|
Batting: RHB John Piccolo
|
0-0: Ball 1-0: Ball 2-0: Called Strike 2-1: Called Strike 2-2: Ball 3-2: Foul Ball, location: 2F 3-2: Strikes out swinging
|
| Top of the 4th over - 2 runs, 1 hit, 1 error, 0 left on base; Los Angeles 2 - Arizona 3 |
| BOTTOM OF THE 4TH |
|
Arizona Diamondbacks batting - Pitching for Los Angeles Dodgers : LHP Gavin White
|
|
Batting: RHB David Casas
|
0-0: Called Strike 0-1: Ball 1-1: SOLO HOME RUN (Flyball, 8LXD, EV 115.0 MPH), Distance : 448 ft
|
|
Batting: RHB Jim Zucco
|
0-0: Called Strike 0-1: Foul Ball, location: 2F 0-2: Ball 1-2: Strikes out looking
|
|
Batting: LHB Joel Kunkler
|
0-0: Called Strike 0-1: Ball 1-1: Ball 2-1: Foul Ball, location: 2F 2-2: Ball 3-2: Foul Ball, location: 2F 3-2: Ground out U3 (Groundball, 3, EV 104.4 MPH)
|
|
Batting: RHB Bob Najar
|
0-0: Ball 1-0: Swinging Strike 1-1: Ball 2-1: Ball 3-1: Called Strike 3-2: Strikes out swinging
|
| Bottom of the 4th over - 1 run, 1 hit, 0 errors, 0 left on base; Los Angeles 2 - Arizona 4 |
| TOP OF THE 5TH |
|
Los Angeles Dodgers batting - Pitching for Arizona Diamondbacks : LHP Murphy Quirk
|
|
Batting: SHB Benjamin Brown
|
0-0: Ball 1-0: Fly out, F7 (Line Drive, 7, EV 107.5 MPH)
|
|
Batting: RHB Wing-kit Bu
|
0-0: Foul Ball, location: 2F 0-1: Foul Ball, location: 2F 0-2: Strikes out looking
|
|
Batting: RHB Rodolfo Rivera
|
0-0: DOUBLE (Line Drive, 5D, EV 97.5 MPH)
|
|
Batting: RHB Tim Nettles
|
0-0: Ball 1-0: Ball 2-0: Foul Ball, location: 2F 2-1: Ball 3-1: Called Strike 3-2: Foul Ball, location: 2F 3-2: Fly out, F8 (Flyball, 8RXD, EV 99.4 MPH)
|
| Top of the 5th over - 0 runs, 1 hit, 0 errors, 1 left on base; Los Angeles 2 - Arizona 4 |
| BOTTOM OF THE 5TH |
|
Arizona Diamondbacks batting - Pitching for Los Angeles Dodgers : LHP Gavin White
|
|
Batting: LHB Roy Steigerwald
|
0-0: Ball 1-0: Ball 2-0: Ball 3-0: Called Strike 3-1: Foul Ball, location: 2F 3-2: Foul Ball, location: 2F 3-2: Foul Ball, location: 2F 3-2: Base on Balls
|
|
Batting: SHB Alec Thorpe
|
0-0: Ball 1-0: Ball 2-0: Fly out, F8 (Flyball, 78D, EV 81.2 MPH)
|
|
Batting: RHB Katilimomi Kelekolio
|
0-0: Foul Ball, location: 2F 0-1: Swinging Strike 0-2: Ball 1-2: Strikes out swinging
|
|
Batting: RHB Andy Swaim
|
0-0: Ball 1-0: Called Strike Roy Steigerwald is caught stealing 2nd base 2-4
|
| Bottom of the 5th over - 0 runs, 0 hits, 0 errors, 0 left on base; Los Angeles 2 - Arizona 4 |
| TOP OF THE 6TH |
|
Los Angeles Dodgers batting - Pitching for Arizona Diamondbacks : LHP Murphy Quirk
|
|
Batting: SHB Shane Marcum
|
0-0: Foul Ball, location: 2F 0-1: Ball 1-1: Ball 2-1: Foul Ball, location: 2F 2-2: Strikes out swinging
|
|
Batting: LHB Lirak Bazhunaishvili
|
0-0: Swinging Strike 0-1: Ball 1-1: Foul Ball, location: 2F 1-2: Foul Ball, location: 2F 1-2: Ball 2-2: Ball 3-2: Strikes out swinging
|
|
Batting: RHB Danny Dyer
|
0-0: Ball 1-0: Foul Ball, location: 2F 1-1: Ground out 5-3 (Groundball, 56, EV 83.8 MPH)
|
| Top of the 6th over - 0 runs, 0 hits, 0 errors, 0 left on base; Los Angeles 2 - Arizona 4 |
| BOTTOM OF THE 6TH |
|
Arizona Diamondbacks batting - Pitching for Los Angeles Dodgers : LHP Gavin White
|
|
Pitching: RHP Chris Geraci
|
|
|
Batting: RHB Andy Swaim
|
0-0: Foul Ball, location: 2F 0-1: Fly out, F7 (Flyball, 78M, EV 84.4 MPH)
|
|
Batting: SHB Perry Tuckfard
|
0-0: Swinging Strike 0-1: Foul Ball, location: 2F 0-2: Ball 1-2: Foul Ball, location: 2F 1-2: Foul Ball, location: 2F 1-2: Strikes out swinging
|
|
Batting: RHB David Casas
|
0-0: Called Strike 0-1: SINGLE (Groundball, 6M, EV 104.4 MPH) (infield hit)
|
|
Batting: RHB Jim Zucco
|
0-0: Swinging Strike 0-1: Foul Ball, location: 2F 0-2: Ball 1-2: Ground out 5-3 (Groundball, 56S, EV 79.4 MPH)
|
| Bottom of the 6th over - 0 runs, 1 hit, 0 errors, 1 left on base; Los Angeles 2 - Arizona 4 |
| TOP OF THE 7TH |
|
Los Angeles Dodgers batting - Pitching for Arizona Diamondbacks : LHP Murphy Quirk
|
|
Batting: RHB Tsutomu Irie
|
0-0: Foul Ball, location: 2F 0-1: Ball 1-1: Foul Ball, location: 2F 1-2: Strikes out swinging
|
|
Batting: RHB John Piccolo
|
0-0: Ground out U3 (Groundball, 34S, EV 86.9 MPH)
|
|
Batting: SHB Benjamin Brown
|
0-0: Called Strike 0-1: Ball 1-1: Ground out U3 (Groundball, 34, EV 85.6 MPH)
|
| Top of the 7th over - 0 runs, 0 hits, 0 errors, 0 left on base; Los Angeles 2 - Arizona 4 |
| BOTTOM OF THE 7TH |
|
Arizona Diamondbacks batting - Pitching for Los Angeles Dodgers : RHP Chris Geraci
|
|
Batting: LHB Joel Kunkler
|
0-0: Ball 1-0: Called Strike 1-1: Ball 2-1: Called Strike 2-2: Strikes out swinging
|
|
Batting: RHB Bob Najar
|
0-0: Fly out, F7 (Flyball, 78M, EV 90.0 MPH)
|
|
Batting: LHB Roy Steigerwald
|
0-0: Called Strike 0-1: Ball 1-1: Fly out, F9 (Flyball, 9S, EV 90.0 MPH)
|
| Bottom of the 7th over - 0 runs, 0 hits, 0 errors, 0 left on base; Los Angeles 2 - Arizona 4 |
| TOP OF THE 8TH |
|
Los Angeles Dodgers batting - Pitching for Arizona Diamondbacks : LHP Murphy Quirk
|
|
Batting: RHB Wing-kit Bu
|
0-0: Ball 1-0: Fly out, F9 (Flyball, 9D, EV 104.4 MPH)
|
|
Batting: RHB Rodolfo Rivera
|
0-0: Ball 1-0: Foul Ball, location: 2F 1-1: Swinging Strike 1-2: Strikes out swinging
|
|
Batting: RHB Tim Nettles
|
0-0: Swinging Strike 0-1: Called Strike 0-2: Ball 1-2: Strikes out looking
|
| Top of the 8th over - 0 runs, 0 hits, 0 errors, 0 left on base; Los Angeles 2 - Arizona 4 |
| BOTTOM OF THE 8TH |
|
Arizona Diamondbacks batting - Pitching for Los Angeles Dodgers : RHP Chris Geraci
|
|
Pitching: RHP Santiago Montero
|
|
|
Batting: SHB Alec Thorpe
|
0-0: Ball 1-0: Foul Ball, location: 2F 1-1: Ball 2-1: Ball 3-1: Base on Balls
|
|
Batting: RHB Katilimomi Kelekolio
|
0-0: Bunted foul 0-1: Ball 1-1: Sac Bunt to 13S - play at first, batter OUT! 1-3 Alec Thorpe to second
|
|
Batting: RHB Andy Swaim
|
0-0: Ball 1-0: Ball 2-0: Ball 3-0: Base on Balls
|
|
Batting: SHB Perry Tuckfard
|
0-0: Ball 1-0: Swinging Strike 1-1: DOUBLE (Groundball, 3L, EV 105.0 MPH) Alec Thorpe scores Andy Swaim to third Runner from 3rd tries for Home, SAFE, throw by RF to trailing runner, SAFE at third!
|
|
Batting: RHB David Casas
|
0-0: Ball 1-0: Ball 2-0: Ball 3-0: Base on Balls
|
|
Batting: RHB Jim Zucco
|
0-0: Ball Pickoff Throw by Catcher to First - Out! 1-0: Foul Ball, location: 2F 1-1: 2-RUN HOME RUN (Flyball, 9D, EV 95.0 MPH), Distance : 363 ft
|
|
Pitching: RHP Adam Bucci
|
|
|
Batting: LHB Joel Kunkler
|
0-0: Fly out, F7 (Line Drive, 78S, EV 90.6 MPH)
|
| Bottom of the 8th over - 4 runs, 2 hits, 0 errors, 0 left on base; Los Angeles 2 - Arizona 8 |
| TOP OF THE 9TH |
|
Los Angeles Dodgers batting - Pitching for Arizona Diamondbacks : LHP Murphy Quirk
|
|
Batting: SHB Shane Marcum
|
0-0: Called Strike 0-1: Ball 1-1: Ball 2-1: Swinging Strike 2-2: Strikes out swinging
|
|
Batting: LHB Lirak Bazhunaishvili
|
0-0: Called Strike 0-1: Called Strike 0-2: Foul Ball, location: 2F 0-2: SOLO HOME RUN (Flyball, 7D, EV 96.9 MPH), Distance : 365 ft
|
|
Batting: RHB Danny Dyer
|
0-0: SINGLE (Line Drive, 6MD, EV 95.6 MPH)
|
|
Pitching: RHP Stanford Placard
|
|
|
Batting: RHB Tsutomu Irie
|
0-0: Called Strike 0-1: Grounds into double play, 5-4-3 (Groundball, 15, EV 88.8 MPH)
|
| Top of the 9th over - 1 run, 2 hits, 0 errors, 0 left on base; Los Angeles 3 - Arizona 8 |
|